 Dungeon Crawl Stone Soup version 0.29.0-11-gd7f09526c8 (webtiles) character file.

Game seed: 14228694456735822164

42 BubbleThief the Stinger (level 3, -3/28 HPs)
             Began as a Naga Venom Mage on Sept 2, 2022.
             Slain by a goblin
             ... wielding a +0 club
             ... led by Robin
              (5 damage)
             ... on level 2 of the Dungeon.
             The game lasted 00:03:28 (1223 turns).

BubbleThief the Stinger (Naga Venom Mage)           Turns: 1223, Time: 00:03:29

Health: -3/28      AC:  2    Str:  7 (10) XL:     3   Next: 54%
Magic:  0/7        EV:  9    Int: 16 (17) God:
Gold:   62         SH:  0    Dex:  9 (11) Spells: 6/7 levels left

rFire   . . .      SeeInvis +   g - +0 mace (protect)
rCold   . . .      Faith    .   (no shield)
rNeg    . . .      Spirit   .   a - +0 robe
rPois   +          Reflect  .   (no helmet)
rElec   .          Harm     .   (no cloak)
rCorr   .          Rampage  .   (no gloves)
Will    .....                   (no barding)
Stlth   ++........              (no amulet)
HPRegen 0.09/turn               (no ring)
MPRegen 0.10/turn               (no ring)

@: short of breath, very slow
A: AC +1, large, see invisible, deformed body, poison resistance, slowness 2,
spit poison 1, naga tail 1
a: Spit Poison


You were on level 2 of the Dungeon.
You visited 1 branch of the dungeon, and saw 2 of its levels.

You collected 62 gold pieces.

Inventory:

Hand Weapons
 d - a +0 dagger
 g - a +0 mace of protection (weapon)
Armour
 a - a +0 robe (worn)
Potions
 b - a potion of magic
 c - a potion of resistance


   Skills:
 - Level 1.5 Dodging
 - Level 3.0 Stealth
 + Level 2.9 Spellcasting
 - Level 1.0 Transmutations
 + Level 5.0 Poison Magic


You had 6 spell levels left.
You knew the following spells:

 Your Spells              Type           Power      Damage    Failure   Level
a - Sting                 Tmut/Pois      48%        1d5       5%          1

Your spell library contained the following spells:

 Spells                   Type           Power      Damage    Failure   Level
 Poisonous Vapours        Pois/Air       20%        N/A       10%         2
 Passwall                 Tmut/Erth      2%         N/A       24%         2
 Olgreb's Toxic Radiance  Pois           18%        N/A       24%         4
 Blink                    Tloc           4%         N/A       28%         2
 Ensorcelled Hibernation  Hex/Ice        4%         N/A       28%         2
 Mephitic Cloud           Conj/Pois/Air  7%         N/A       28%         3
 Lesser Beckoning         Tloc           2%         N/A       50%         3
 Swiftness                Air            2%         N/A       50%         3
 Manifold Assault         Tloc           2%         N/A       99%         5


Dungeon Overview and Level Annotations

Branches:
Dungeon (2/15)

Altars:

Annotations:
D:2 Robin, Sigmund


Innate Abilities, Weirdness & Mutations

Your serpentine skin is tough. (AC +1)
You have supernaturally acute eyesight. (SInv)
Armour fits poorly on your strangely shaped body.
Your system is resistant to poisons. (rPois)
You cover ground very slowly.
You can spit poison.
You have a snake-like lower body.


Message History

You kill the goblin!
Unknown command.
Unknown command.
Aiming: Sting (safe; 5% risk of failure)
Press: ? - help, Q - select action, (/) - cycle Shift-Dir - straight line, f - goblin, p - Robin
Aim: a goblin, wielding a +0 club (strong, 64% to hit)
The sting hits the goblin.
The goblin is poisoned.
You kill the goblin!
Unknown command.
Unknown command.
Aiming: Sting (safe; 5% risk of failure)
Press: ? - help, Q - select action, (/) - cycle Shift-Dir - straight line, f - goblin
Aim: a goblin, wielding a +0 club (64% to hit)
The sting hits the goblin.
The goblin is poisoned.
The goblin is heavily wounded.
You kill the goblin!
Unknown command.
Aiming: Sting (safe; 5% risk of failure)
Press: ? - help, Q - select action, (/) - cycle Shift-Dir - straight line, f - goblin
Aim: a goblin, wielding a +0 dagger (64% to hit)
The sting hits the goblin.
The goblin is poisoned.
You kill the goblin!
Robin roars a battlecry!
The goblin goes into a battle-frenzy!
You barely miss the goblin. The goblin closely misses you.
Unknown command.
You closely miss the goblin. The goblin completely misses you.
Unknown command.
You closely miss the goblin.
You have got your breath back.
The goblin closely misses you. The goblin hits you with a +0 club.
* * * LOW HITPOINT WARNING * * *
Robin throws the goblin at you!
* * * LOW HITPOINT WARNING * * *
Unknown command.
Aiming: Spit Poison (2% risk of failure)
Press: ? - help, Shift-Dir - straight line, f - goblin
Aim: a goblin, wielding a +0 dagger (strong, 50% to hit)
The splash of poison misses the goblin.
The goblin hits you with a +0 club.
You die...

##...#...## #.....8...#
##.##..)# #......_..#
###..#...####.....8...#
......)..)##..........#
###.#................#
#........#.........#
##.......#...)g....# #
##.......####g######
###.......## #@#
##.........## #g#
...#....)†..####.######
......................#
......................#
......................#
....................).#
......................#
......................#


You could see Robin and 2 goblins.

Vanquished Creatures
  A dart slug (D:1)
  A bat (D:1)
  5 endoplasms
  2 hobgoblins
  8 jackals
  2 ball pythons (D:1)
  A frilled lizard (D:1)
  10 goblins
  4 rats
34 creatures vanquished.

Notes
Turn   | Place    | Note
-------+----------+-------------------------------------------
     0 | D:1      | BubbleThief the Naga Venom Mage began the quest for the
                  | Orb.
     0 | D:1      | Reached XP level 1. HP: 15/15 MP: 3/3
   422 | D:1      | Reached XP level 2. HP: 22/22 MP: 5/5
  1055 | D:2      | Reached XP level 3. HP: 23/28 MP: 1/6
  1135 | D:2      | Noticed Sigmund
  1166 | D:2      | Found a faded altar of an unknown god.
  1197 | D:2      | Noticed Robin
  1205 | D:2      | Reached skill level 5 in Poison Magic
  1223 | D:2      | Slain by a goblin

Illustrated notes

Levels and vault maps discovered:
D:1:      dpeg_arrival_houses_and_road, layout_loops_ring, serial_bayou_pond_c,
          minivault_23
D:2:      layout_rooms, dreamdust_ecumenical_altar_statues,
          minmay_strange_pillars, uniq_crazy_yiuf_cottage, uniq_robin,
          uniq_sigmund

Skill      XL: |  1  2  3 |
---------------+----------+-----
Poison Magic   | 5 |  5.0
Dodging        | |  1.5
Stealth        | |  3.0
Spellcasting   | |  2.9
Transmutations | |  1.0

Action                   || total
-------------------------++-------
Melee: Unarmed           ||     1
       Dagger            ||     1
       Mace              ||    16
 Cast: Sting             ||    32
 Abil: Spit Poison       ||    29
  Use: Scroll            ||     1
       Potion            ||     1
Armor: Robe              ||     8
Dodge: Dodged            ||    29
